PCL
PHOENIX GIANTS @ TACOMA CUBS
06/09/1982
 
TOP OF THE 1ST
Phoenix Giants batting - Pitching for Tacoma Cubs : RHP Bob Davenport
Pitching: RHP Bob Davenport
Batting: LHB Raymond Rivas 0-0: Ball
1-0: Ball
2-0: Ball
3-0: Called Strike
3-1: Base on Balls
Batting: LHB Bobby V Mitchell 0-0: Ball
1-0: Foul Ball, location: 2F
1-1: Called Strike
1-2: DOUBLE (Line Drive, 78D, EV 100.0 MPH)
Raymond Rivas to third
Runner from 3rd tries for Home, SAFE, throw by LF to home
Batting: LHB Ernie Riles 0-0: Ball
1-0: Ball
2-0: Ball
3-0: Swinging Strike
3-1: Called Strike
3-2: Fly out, F9 (Flyball, 89D, EV 86.9 MPH)
Runner from 2nd tags up, SAFE at 3rd, no throw by RF
Batting: SHB John Macauley 0-0: Ball
1-0: Ball
2-0: Ball
3-0: Base on Balls
Batting: RHB Paul Zuvella 0-0: Swinging Strike
0-1: Ball
Wild Pitch!
Bobby V Mitchell scores
John Macauley to second
1-1: Ground out 6-3 (Groundball, 6, EV 111.3 MPH)
Batting: LHB Joseph Bruno 0-0: Called Strike
0-1: Ball
1-1: Called Strike
1-2: Foul Ball, location: 2F
1-2: SINGLE (Line Drive, 4M, EV 95.0 MPH)
John Macauley to third
Runner from 3rd tries for Home, SAFE, throw by CF to home
Batting: RHB Adam Veldman 0-0: Ball
1-0: Ball
2-0: Foul Ball, location: 2F
2-1: SINGLE (Groundball, 56D, EV 101.3 MPH)
Joseph Bruno to second
Runner from 2nd tries for 3rd, SAFE, no throw by LF
Batting: SHB Razor Shines 0-0: Ball
1-0: Ball
2-0: Called Strike
2-1: Ball
3-1: Base on Balls
Adam Veldman to second
Batting: LHB Frank Gill 0-0: Ball
1-0: Foul Ball, location: 2F
1-1: Ground out 4-3 (Groundball, 13, EV 78.1 MPH)
Top of the 1st over - 3 runs, 3 hits, 0 errors, 3 left on base; Phoenix 3 - Tacoma 0
BOTTOM OF THE 1ST
Tacoma Cubs batting - Pitching for Phoenix Giants : RHP Dan Neumeier
Pitching: RHP Dan Neumeier
Batting: LHB Robert Kraft 0-0: Ball
1-0: Ball
2-0: Ball
3-0: Called Strike
3-1: Foul Ball, location: 2F
3-2: SINGLE (Groundball, P, EV 85.6 MPH) (infield hit)
Batting: RHB Glenn Hubbard 0-0: Called Strike
0-1: Ball
1-1: Foul Ball, location: 2F
1-2: Fly out, F5 (Line Drive, 5, EV 66.3 MPH)
Batting: LHB Willie Gonzalez 0-0: Called Strike
0-1: DOUBLE (Flyball, 8LXD, EV 88.8 MPH)
Robert Kraft to third
Runner from 3rd tries for Home, SAFE, no throw by CF
Batting: LHB Dan Pasqua 0-0: Swinging Strike
0-1: Called Strike
0-2: Strikes out swinging
Batting: RHB Marty Castillo 0-0: Called Strike
0-1: Ball
1-1: Foul Ball, location: 2F
1-2: Strikes out looking
Bottom of the 1st over - 1 run, 2 hits, 0 errors, 1 left on base; Phoenix 3 - Tacoma 1
TOP OF THE 2ND
Phoenix Giants batting - Pitching for Tacoma Cubs : RHP Bob Davenport
Batting: LHB Raymond Rivas 0-0: Fly out, F7 (Line Drive, 7, EV 94.4 MPH)
Batting: LHB Bobby V Mitchell 0-0: Swinging Strike
0-1: Ball
1-1: Ground out 6-3 (Groundball, 56, EV 89.4 MPH)
Batting: LHB Ernie Riles 0-0: Ball
1-0: Foul Ball, location: 2F
1-1: Ball
2-1: SINGLE (Groundball, 34D, EV 98.8 MPH)
Batting: SHB John Macauley 0-0: Ball
1-0: Ball
2-0: Called Strike
2-1: Ball
3-1: Called Strike
3-2: Foul Ball, location: 2F
3-2: Base on Balls
Ernie Riles to second
Batting: RHB Paul Zuvella 0-0: Ground out 4-3 (Groundball, 4, EV 90.6 MPH)
Top of the 2nd over - 0 runs, 1 hit, 0 errors, 2 left on base; Phoenix 3 - Tacoma 1
BOTTOM OF THE 2ND
Tacoma Cubs batting - Pitching for Phoenix Giants : RHP Dan Neumeier
Batting: LHB John Elway 0-0: Ball
1-0: Called Strike
1-1: Ball
2-1: Called Strike
2-2: Strikes out swinging
Batting: LHB Tom Lombarski 0-0: Ball
1-0: Ball
2-0: Ball
3-0: Called Strike
3-1: Fly out, F7 (Flyball, 78D, EV 107.5 MPH)
Batting: RHB Paul Szymarek 0-0: Ball
1-0: Foul Ball, location: 2F
1-1: Swinging Strike
1-2: Strikes out looking
Bottom of the 2nd over - 0 runs, 0 hits, 0 errors, 0 left on base; Phoenix 3 - Tacoma 1
TOP OF THE 3RD
Phoenix Giants batting - Pitching for Tacoma Cubs : RHP Bob Davenport
Batting: LHB Joseph Bruno 0-0: Called Strike
0-1: Ball
1-1: Ground out 6-3 (Groundball, 6, EV 91.9 MPH)
Batting: RHB Adam Veldman 0-0: Ball
1-0: Ball
2-0: Fly out, F8 (Flyball, 8LD, EV 94.4 MPH)
Batting: SHB Razor Shines 0-0: Foul Ball, location: 2F
0-1: Ball
1-1: Swinging Strike
1-2: Ball
2-2: Ground out 3-1 (Groundball, 34, EV 78.1 MPH)
Top of the 3rd over - 0 runs, 0 hits, 0 errors, 0 left on base; Phoenix 3 - Tacoma 1
BOTTOM OF THE 3RD
Tacoma Cubs batting - Pitching for Phoenix Giants : RHP Dan Neumeier
Batting: RHB Alex Trevino 0-0: SOLO HOME RUN (Flyball, 7D, EV 91.3 MPH), Distance : 384 ft
Batting: LHB Robert Kraft 0-0: Called Strike
0-1: Called Strike
0-2: Strikes out looking
Batting: RHB Glenn Hubbard 0-0: Foul Ball, location: 2F
0-1: Ball
1-1: Ball
2-1: Foul Ball, location: 2F
2-2: Ground out 4-3 (Groundball, 4, EV 111.9 MPH)
Batting: LHB Willie Gonzalez 0-0: Ball
1-0: Ball
2-0: Ground out 6-3 (Groundball, 6, EV 99.4 MPH)
Bottom of the 3rd over - 1 run, 1 hit, 0 errors, 0 left on base; Phoenix 3 - Tacoma 2
TOP OF THE 4TH
Phoenix Giants batting - Pitching for Tacoma Cubs : RHP Bob Davenport
Batting: LHB Frank Gill 0-0: Fly out, F6 (Line Drive, 6, EV 76.9 MPH)
Batting: LHB Raymond Rivas 0-0: Ball
1-0: Called Strike
1-1: Ball
2-1: Foul Ball, location: 2F
2-2: Ball
3-2: Ground out 4-3 (Groundball, 4, EV 109.4 MPH)
Batting: LHB Bobby V Mitchell 0-0: Called Strike
0-1: Ball
1-1: Ball
2-1: Fly out, F9 (Flyball, 9LD, EV 92.5 MPH)
Top of the 4th over - 0 runs, 0 hits, 0 errors, 0 left on base; Phoenix 3 - Tacoma 2
BOTTOM OF THE 4TH
Tacoma Cubs batting - Pitching for Phoenix Giants : RHP Dan Neumeier
Batting: LHB Dan Pasqua 0-0: Ball
1-0: Swinging Strike
1-1: Foul Ball, location: 2F
1-2: Strikes out swinging
Batting: RHB Marty Castillo 0-0: Foul Ball, location: 2F
0-1: Ball
1-1: Swinging Strike
1-2: Foul Ball, location: 2F
1-2: SINGLE (Flyball, 89M, EV 98.1 MPH)
Batting: LHB John Elway 0-0: Ball
1-0: Swinging Strike
1-1: Foul Ball, location: 2F
1-2: Ball
2-2: Foul Ball, location: 2F
2-2: SINGLE (Line Drive, 34D, EV 95.6 MPH)
Marty Castillo to second
Runner from 2nd tries for 3rd, SAFE, throw by RF made to third
Batting: LHB Tom Lombarski 0-0: Ball
1-0: Ball
Passed Ball!
Marty Castillo scores
John Elway to second
2-0: Ball
3-0: Base on Balls
Batting: RHB Paul Szymarek 0-0: Ball
1-0: SINGLE (Flyball, 34D, EV 82.5 MPH)
John Elway to third
Tom Lombarski to second
Batting: RHB Alex Trevino 0-0: Called Strike
0-1: Fly out, F9 (Flyball, 9LS, EV 86.3 MPH)
Runner from 3rd tags up, OUT at HOME! 9-2
Bottom of the 4th over - 1 run, 3 hits, 0 errors, 2 left on base; Phoenix 3 - Tacoma 3
TOP OF THE 5TH
Phoenix Giants batting - Pitching for Tacoma Cubs : RHP Bob Davenport
Batting: LHB Ernie Riles 0-0: Ball
1-0: Foul Ball, location: 2F
1-1: Foul Ball, location: 2F
1-2: SINGLE (Line Drive, 56D, EV 108.8 MPH)
Batting: SHB John Macauley 0-0: Called Strike
0-1: Ball
1-1: Foul Ball, location: 2F
1-2: Fielders Choice at 2nd, 6-4 (Groundball, 6MD, EV 89.4 MPH)
Batting: RHB Paul Zuvella 0-0: Called Strike
0-1: Ball
1-1: Called Strike
1-2: Foul Ball, location: 2F
1-2: Foul Ball, location: 2F
1-2: Foul Ball, location: 2F
1-2: Grounds into double play, 5-4-3 (Groundball, 5, EV 81.9 MPH)
Top of the 5th over - 0 runs, 1 hit, 0 errors, 0 left on base; Phoenix 3 - Tacoma 3
BOTTOM OF THE 5TH
Tacoma Cubs batting - Pitching for Phoenix Giants : RHP Dan Neumeier
Batting: LHB Robert Kraft 0-0: Ball
1-0: Ball
2-0: Foul Ball, location: 2F
2-1: SINGLE (Line Drive, 56, EV 94.4 MPH)
Batting: RHB Glenn Hubbard 0-0: Called Strike
0-1: 2-RUN HOME RUN (Line Drive, 7LD, EV 100.0 MPH), Distance : 372 ft
Pitching: RHP Terry Cornutt
Batting: LHB Willie Gonzalez 0-0: Ball
1-0: Swinging Strike
1-1: Ball
2-1: Swinging Strike
2-2: Ball
3-2: Strikes out swinging
Batting: LHB Dan Pasqua 0-0: Ball
1-0: Called Strike
1-1: Foul Ball, location: 2F
1-2: Foul Ball, location: 2F
1-2: Foul Ball, location: 2F
1-2: Ball
2-2: Foul Ball, location: 2F
2-2: Foul Ball, location: 2F
2-2: Foul Ball, location: 2F
2-2: Foul Ball, location: 2F
2-2: Fly out, F8 (Flyball, 8RS, EV 87.5 MPH)
Batting: RHB Marty Castillo 0-0: Ground out 5-3 (Groundball, 56, EV 77.5 MPH)
Bottom of the 5th over - 2 runs, 2 hits, 0 errors, 0 left on base; Phoenix 3 - Tacoma 5
TOP OF THE 6TH
Phoenix Giants batting - Pitching for Tacoma Cubs : RHP Bob Davenport
Batting: LHB Joseph Bruno 0-0: Called Strike
0-1: Ball
1-1: SOLO HOME RUN (Flyball, 9D, EV 98.8 MPH), Distance : 365 ft
Batting: RHB Adam Veldman 0-0: Called Strike
0-1: Ball
1-1: Foul Ball, location: 2F
1-2: Ball
2-2: Ground out 6-3 (Groundball, 6D, EV 99.4 MPH)
Batting: SHB Razor Shines 0-0: Ball
1-0: Called Strike
1-1: SINGLE (Line Drive, 4MD, EV 98.8 MPH)
Batting: LHB Frank Gill 0-0: Ball
1-0: Called Strike
1-1: Foul Ball, location: 2F
1-2: Ball
2-2: Ground out U3 (Groundball, 34S, EV 90.6 MPH)
Razor Shines to second
Batting: LHB Raymond Rivas 0-0: Called Strike
0-1: Ball
1-1: Ball
2-1: DOUBLE (Groundball, 5L, EV 101.9 MPH)
Razor Shines scores
Batting: LHB Bobby V Mitchell 0-0: Ground out 5-3 (Groundball, 56S, EV 75.0 MPH)
Top of the 6th over - 2 runs, 3 hits, 0 errors, 1 left on base; Phoenix 5 - Tacoma 5
BOTTOM OF THE 6TH
Tacoma Cubs batting - Pitching for Phoenix Giants : RHP Terry Cornutt
Batting: LHB John Elway 0-0: Ball
1-0: Ball
2-0: Fly out, F8 (Flyball, 8RXD, EV 86.9 MPH)
Batting: LHB Tom Lombarski 0-0: Foul Ball, location: 2F
0-1: Ground out 5-3 (Groundball, 56, EV 99.4 MPH)
Batting: RHB Paul Szymarek 0-0: Ball
1-0: Foul Ball, location: 2F
1-1: Called Strike
1-2: Ball
2-2: Ball
3-2: Foul Ball, location: 2F
3-2: Foul Ball, location: 2F
3-2: Strikes out swinging
Bottom of the 6th over - 0 runs, 0 hits, 0 errors, 0 left on base; Phoenix 5 - Tacoma 5
TOP OF THE 7TH
Phoenix Giants batting - Pitching for Tacoma Cubs : RHP Bob Davenport
Batting: LHB Ernie Riles 0-0: Ball
1-0: Ball
2-0: Called Strike
2-1: Ground out 4-3 (Groundball, 4, EV 80.0 MPH)
Batting: SHB John Macauley 0-0: Ball
1-0: Ball
2-0: Ball
3-0: Called Strike
3-1: Called Strike
3-2: DOUBLE (Line Drive, 5D, EV 96.3 MPH)
Batting: RHB Paul Zuvella 0-0: Called Strike
0-1: Fly out, F8 (Flyball, 89M, EV 85.0 MPH)
Batting: LHB Joseph Bruno 0-0: Called Strike
0-1: Ball
1-1: Called Strike
1-2: Ball
2-2: Foul Ball, location: 2F
2-2: SINGLE (Line Drive, 7LS, EV 100.6 MPH)
John Macauley to third
Runner from 3rd tries for Home, SAFE, throw by LF to home
Pitching: RHP Ben Gilliland
Batting: RHB Adam Veldman 0-0: Ball
1-0: Ball
2-0: Fly out, F7 (Flyball, 78D, EV 101.9 MPH)
Top of the 7th over - 1 run, 2 hits, 0 errors, 1 left on base; Phoenix 6 - Tacoma 5
BOTTOM OF THE 7TH
Tacoma Cubs batting - Pitching for Phoenix Giants : RHP Terry Cornutt
Batting: RHB Alex Trevino 0-0: Foul Ball, location: 2F
0-1: Ball
1-1: Ball
2-1: Foul Ball, location: 2F
2-2: Strikes out swinging
Batting: LHB Robert Kraft 0-0: Fly out, F4 (Line Drive, 4, EV 68.8 MPH)
Batting: RHB Glenn Hubbard 0-0: Ball
1-0: Ground out 5-3 (Groundball, 5, EV 86.9 MPH)
Bottom of the 7th over - 0 runs, 0 hits, 0 errors, 0 left on base; Phoenix 6 - Tacoma 5
TOP OF THE 8TH
Phoenix Giants batting - Pitching for Tacoma Cubs : RHP Ben Gilliland
Batting: SHB Razor Shines 0-0: Ground out 4-3 (Groundball, 4, EV 100.0 MPH)
Batting: LHB Frank Gill 0-0: Ball
1-0: Called Strike
1-1: Ground out 5-3 (Groundball, 56, EV 107.5 MPH)
Batting: LHB Raymond Rivas 0-0: Swinging Strike
0-1: Ground out 5-3 (Groundball, 56S, EV 73.1 MPH)
Top of the 8th over - 0 runs, 0 hits, 0 errors, 0 left on base; Phoenix 6 - Tacoma 5
BOTTOM OF THE 8TH
Tacoma Cubs batting - Pitching for Phoenix Giants : RHP Terry Cornutt
Batting: LHB Willie Gonzalez 0-0: Ground out 4-3 (Groundball, 34, EV 81.9 MPH)
Batting: LHB Dan Pasqua 0-0: Called Strike
0-1: Ball
1-1: Swinging Strike
1-2: Foul Ball, location: 2F
1-2: Ball
2-2: SINGLE (Line Drive, 8RS, EV 110.6 MPH)
Batting: RHB Marty Castillo 0-0: Ball
1-0: Foul Ball, location: 2F
1-1: Foul Ball, location: 2F
1-2: Ball
2-2: Ball
3-2: 2-RUN HOME RUN (Line Drive, 7LD, EV 103.1 MPH), Distance : 367 ft
Batting: LHB John Elway 0-0: Called Strike
0-1: Ground out U3 (Groundball, 34, EV 81.3 MPH)
Batting: LHB Tom Lombarski 0-0: Called Strike
0-1: Swinging Strike
0-2: Ball
1-2: Fly out, F8 (Flyball, 8LD, EV 109.4 MPH)
Bottom of the 8th over - 2 runs, 2 hits, 0 errors, 0 left on base; Phoenix 6 - Tacoma 7
TOP OF THE 9TH
Phoenix Giants batting - Pitching for Tacoma Cubs : RHP Ben Gilliland
Pitching: RHP Paul Thormodsgard
Batting: LHB Bobby V Mitchell 0-0: Ball
1-0: Ball
2-0: Called Strike
2-1: Fly out, F3 (Line Drive, 3, EV 64.4 MPH)
Batting: LHB Ernie Riles 0-0: Ground out 6-3 (Groundball, 6, EV 105.6 MPH)
Batting: SHB John Macauley 0-0: Ball
1-0: Called Strike
1-1: Foul Ball, location: 2F
1-2: Fly out, F8 (Line Drive, 8RD, EV 102.5 MPH)
Top of the 9th over - 0 runs, 0 hits, 0 errors, 0 left on base; Phoenix 6 - Tacoma 7
Thursday, August 6th, 2020 - OOTP Baseball 21.5 Build 76